[ AOE2 MATCH · #491214899 ]
UnrankedGeorgians vs Portuguese
[ REPLAY ANALYSIS · EXTRACTED FROM THE RECORDED GAME ]
Feudal
10:56
Castle
15:24
Imperial
—
| APM avg | 49.6 |
| APM peak | 84 |
| eAPM avg | 27.5 |
| Villagers / military | 139 / 85 |
Focus
⚔️ 26.1% · 🌾 73.9%
Knight ×78 · Monk ×7
Feudal
8:54
Castle
22:16
Imperial
—
| APM avg | 50.4 |
| APM peak | 100 |
| eAPM avg | 19.0 |
| Villagers / military | 145 / 92 |
Focus
⚔️ 29.5% · 🌾 70.5%
Knight ×80 · Scout Cavalry ×8 · Spearman ×4
Feudal
12:31
Castle
16:36
Imperial
—
| APM avg | 37.4 |
| APM peak | 70 |
| eAPM avg | 22.3 |
| Villagers / military | 174 / 92 |
Focus
⚔️ 35.4% · 🌾 64.6%
Knight ×58 · Galley ×22 · Fishing Ship ×8 · Fire Galley ×7 · Caravel ×4 · Unknown (2626) ×4
Feudal
11:36
Castle
24:39
Imperial
—
| APM avg | 56.3 |
| APM peak | 115 |
| eAPM avg | 25.7 |
| Villagers / military | 90 / 109 |
Focus
⚔️ 38.9% · 🌾 61.1%
Archer ×106 · Militia ×3
Feudal
9:12
Castle
19:21
Imperial
—
| APM avg | 37.1 |
| APM peak | 69 |
| eAPM avg | 20.1 |
| Villagers / military | 139 / 135 |
Focus
⚔️ 28.1% · 🌾 71.9%
Cavalry Archer ×126 · Scout Cavalry ×7 · Camel Scout ×2
Feudal
11:47
Castle
15:17
Imperial
33:57
| APM avg | 50.6 |
| APM peak | 86 |
| eAPM avg | 25.7 |
| Villagers / military | 109 / 76 |
Focus
⚔️ 38.8% · 🌾 61.2%
Genoese Crossbowman ×44 · Fishing Ship ×38 · Galley ×19 · Unknown (2626) ×18 · Fire Galley ×13
Feudal
11:18
Castle
14:03
Imperial
—
| APM avg | 68.4 |
| APM peak | 174 |
| eAPM avg | 36.0 |
| Villagers / military | 138 / 151 |
Focus
⚔️ 61.7% · 🌾 38.3%
Knight ×151 · Fishing Ship ×6
Feudal
9:29
Castle
21:59
Imperial
—
| APM avg | 77.5 |
| APM peak | 109 |
| eAPM avg | 35.0 |
| Villagers / military | 95 / 95 |
Focus
⚔️ 33.9% · 🌾 66.1%
Archer ×95 · Trade Cart ×2
Match map
Initial resources + every placement click. Lines = walls · curves = elevation contours. ◆ gold · ⬟ stone · ● berries · ✦ relic · ◌ wall gap
Your base· Open — 15t gap
Fs.BlinkAoE's base· Open — unwalled flank
DSLG | Genghis Khan!!!'s base· Open — unwalled flank
JonnyTheMonkey's base· Open — 6t gap
Čiko's base· ✓ Closed at 19:21 · 18t walls · 3 gate(s)
BomBomB0's base· Open — unwalled flank
alesh's base· Open — unwalled flank
noru's base· ✓ Closed at 21:59 · 27t walls · 1 gate(s)
Smoothed initial terrain · ◌ = detected wall gap · hover for details
Inputs per minute
— Fs.Diablo - - Fs.BlinkAoE
Build order — Fs.Diablo
First 150 of 390 actions detected
| 0:01 | Queue | Villager (Male) |
| 0:02 | Queue | Villager (Male) |
| 0:02 | Queue | Villager (Male) |
| 0:02 | Build | House |
| 0:04 | Build | House |
| 0:17 | Queue | Villager (Male) |
| 0:17 | Queue | Villager (Male) |
| 1:30 | Queue | Villager (Male) |
| 1:31 | Queue | Villager (Male) |
| 1:59 | Queue | Villager (Male) |
| 2:21 | Queue | Villager (Male) |
| 2:21 | Queue | Villager (Male) |
| 2:47 | Queue | Villager (Male) |
| 2:47 | Queue | Villager (Male) |
| 2:57 | Build | House |
| 3:06 | Queue | Villager (Male) |
| 3:06 | Queue | Villager (Male) |
| 3:27 | Queue | Villager (Male) |
| 3:27 | Queue | Villager (Male) |
| 4:10 | Queue | Villager (Male) |
| 4:11 | Queue | Villager (Male) |
| 4:11 | Queue | Villager (Male) |
| 4:27 | Queue | Villager (Male) |
| 4:28 | Queue | Villager (Male) |
| 4:28 | Queue | Villager (Male) |
| 4:41 | Build | Mill |
| 4:48 | Build | House |
| 5:09 | Queue | Villager (Male) |
| 5:09 | Queue | Villager (Male) |
| 5:09 | Queue | Villager (Male) |
| 5:41 | Queue | Villager (Male) |
| 7:05 | Queue | Villager (Male) |
| 7:05 | Queue | Villager (Male) |
| 7:06 | Queue | Villager (Male) |
| 7:19 | Build | Farm |
| 7:23 | Build | Farm |
| 7:42 | Research | Loom |
| 7:43 | Research | Feudal Age |
| 7:48 | Build | House |
| 8:18 | Build | Farm |
| 9:20 | Build | Barracks |
| 10:44 | Queue | Villager (Male) |
| 10:56 | Age | Feudal Age |
| 10:59 | Build | Stable |
| 11:01 | Queue | Villager (Male) |
| 11:23 | Queue | Villager (Male) |
| 11:29 | Build | Farm |
| 11:53 | Build | Blacksmith |
| 12:13 | Queue | Villager (Male) |
| 12:19 | Build | Farm |
| 12:44 | Research | Castle Age |
| 13:03 | Research | Double-Bit Axe |
| 13:08 | Build | Mule Cart |
| 13:36 | Build | Farm |
| 13:53 | Research | Bloodlines |
| 13:56 | Build | Farm |
| 14:31 | Build | Farm |
| 14:38 | Build | Farm |
| 14:45 | Build | Farm |
| 14:48 | Build | Farm |
| 14:56 | Research | Horse Collar |
| 14:57 | Research | Horse Collar |
| 15:07 | Queue | Villager (Male) |
| 15:11 | Build | House |
| 15:24 | Age | Castle Age |
| 15:25 | Queue | Villager (Male) |
| 15:26 | Queue | Knight |
| 15:26 | Queue | Knight |
| 15:50 | Build | House |
| 16:04 | Queue | Knight |
| 16:11 | Queue | Villager (Male) |
| 16:17 | Build | House |
| 16:37 | Queue | Villager (Male) |
| 16:40 | Queue | Knight |
| 16:40 | Queue | Knight |
| 17:21 | Queue | Villager (Male) |
| 17:25 | Build | Town Center |
| 17:55 | Queue | Knight |
| 17:56 | Queue | Knight |
| 18:16 | Queue | Knight |
| 18:16 | Queue | Knight |
| 18:18 | Queue | Villager (Male) |
| 18:50 | Queue | Villager (Male) |
| 18:51 | Queue | Villager (Male) |
| 18:51 | Queue | Villager (Male) |
| 19:19 | Build | Farm |
| 19:19 | Queue | Villager (Male) |
| 19:21 | Queue | Villager (Male) |
| 19:22 | Queue | Villager (Male) |
| 19:50 | Queue | Knight |
| 19:51 | Queue | Knight |
| 19:56 | Queue | Villager (Male) |
| 19:57 | Queue | Villager (Male) |
| 19:57 | Queue | Villager (Male) |
| 20:01 | Build | Farm |
| 20:18 | Build | Town Center |
| 20:22 | Build | Farm |
| 20:23 | Build | Farm |
| 20:24 | Queue | Villager (Male) |
| 20:26 | Build | Farm |
| 20:26 | Queue | Villager (Male) |
| 20:27 | Queue | Villager (Male) |
| 20:41 | Build | Farm |
| 20:42 | Build | Farm |
| 20:45 | Queue | Villager (Male) |
| 20:46 | Queue | Villager (Male) |
| 21:12 | Research | Husbandry |
| 21:14 | Build | House |
| 21:16 | Build | House |
| 21:16 | Build | House |
| 21:37 | Research | Scale Barding Armor |
| 21:41 | Build | Farm |
| 21:43 | Build | Farm |
| 21:49 | Build | Farm |
| 21:50 | Build | Farm |
| 21:51 | Build | Farm |
| 21:52 | Build | Farm |
| 21:54 | Build | House |
| 21:56 | Queue | Villager (Male) |
| 22:19 | Build | Farm |
| 22:20 | Queue | Villager (Male) |
| 22:21 | Build | Farm |
| 22:26 | Research | Bow Saw |
| 22:26 | Research | Bow Saw |
| 22:29 | Build | Farm |
| 22:33 | Build | Farm |
| 22:34 | Build | Farm |
| 22:36 | Queue | Villager (Male) |
| 22:38 | Build | House |
| 22:39 | Build | House |
| 22:43 | Queue | Villager (Male) |
| 22:59 | Queue | Villager (Male) |
| 22:59 | Queue | Villager (Male) |
| 23:13 | Queue | Villager (Male) |
| 23:13 | Queue | Villager (Male) |
| 23:13 | Queue | Villager (Male) |
| 23:18 | Build | Farm |
| 23:19 | Build | Farm |
| 23:19 | Build | Farm |
| 23:20 | Build | Farm |
| 23:33 | Queue | Villager (Male) |
| 23:33 | Queue | Villager (Male) |
| 23:33 | Queue | Villager (Male) |
| 23:34 | Queue | Villager (Male) |
| 23:36 | Build | Farm |
| 23:56 | Build | Farm |
| 23:57 | Queue | Knight |
| 23:57 | Queue | Knight |
| 24:10 | Build | Stable |
| 24:17 | Research | Gold Mining |
Build order — Fs.BlinkAoE
First 150 of 365 actions detected
| 0:01 | Queue | Villager (Male) |
| 0:01 | Queue | Villager (Male) |
| 0:01 | Queue | Villager (Male) |
| 0:02 | Queue | Villager (Male) |
| 0:02 | Queue | Villager (Male) |
| 0:03 | Build | House |
| 0:05 | Build | House |
| 1:31 | Queue | Villager (Male) |
| 2:09 | Queue | Villager (Male) |
| 2:09 | Queue | Villager (Male) |
| 2:19 | Queue | Villager (Male) |
| 2:52 | Queue | Villager (Male) |
| 3:06 | Queue | Villager (Male) |
| 3:36 | Build | Lumber Camp |
| 3:43 | Queue | Villager (Male) |
| 3:44 | Queue | Villager (Male) |
| 3:44 | Queue | Villager (Male) |
| 3:50 | Build | House |
| 4:24 | Queue | Villager (Male) |
| 4:27 | Queue | Villager (Male) |
| 4:51 | Build | Mill |
| 5:10 | Queue | Villager (Male) |
| 5:10 | Queue | Villager (Male) |
| 5:40 | Queue | Villager (Male) |
| 6:02 | Research | Loom |
| 6:38 | Research | Feudal Age |
| 7:19 | Build | Barracks |
| 8:04 | Build | House |
| 8:54 | Age | Feudal Age |
| 8:58 | Build | Stable |
| 8:59 | Queue | Villager (Male) |
| 9:10 | Research | Double-Bit Axe |
| 9:12 | Queue | Villager (Male) |
| 9:38 | Queue | Scout Cavalry |
| 9:39 | Queue | Scout Cavalry |
| 9:39 | Queue | Scout Cavalry |
| 9:43 | Queue | Villager (Male) |
| 9:56 | Build | House |
| 10:13 | Queue | Villager (Male) |
| 10:17 | Research | Horse Collar |
| 10:35 | Queue | Villager (Male) |
| 10:45 | Build | Palisade Gate |
| 10:52 | Queue | Scout Cavalry |
| 11:05 | Build | Farm |
| 11:06 | Build | Farm |
| 11:07 | Build | Farm |
| 11:09 | Build | Farm |
| 11:21 | Queue | Villager (Male) |
| 11:26 | Build | House |
| 11:31 | Build | Farm |
| 11:37 | Queue | Scout Cavalry |
| 11:43 | Queue | Villager (Male) |
| 11:47 | Build | Farm |
| 11:48 | Build | House |
| 12:02 | Queue | Villager (Male) |
| 12:13 | Build | Farm |
| 12:15 | Build | House |
| 12:25 | Queue | Scout Cavalry |
| 12:45 | Queue | Villager (Male) |
| 12:47 | Build | Farm |
| 13:00 | Queue | Villager (Male) |
| 13:10 | Queue | Villager (Male) |
| 13:16 | Build | Lumber Camp |
| 13:18 | Build | House |
| 13:37 | Build | Farm |
| 13:58 | Queue | Villager (Male) |
| 14:01 | Build | House |
| 14:05 | Build | House |
| 14:10 | Queue | Scout Cavalry |
| 14:14 | Queue | Villager (Male) |
| 14:27 | Queue | Spearman |
| 14:43 | Queue | Scout Cavalry |
| 14:46 | Research | Wheelbarrow |
| 14:48 | Build | Farm |
| 14:48 | Build | Farm |
| 14:48 | Build | Farm |
| 14:49 | Build | Farm |
| 14:49 | Build | Farm |
| 14:49 | Build | Farm |
| 15:05 | Queue | Villager (Male) |
| 15:12 | Build | Palisade Gate |
| 15:22 | Build | Farm |
| 15:42 | Build | Farm |
| 15:55 | Queue | Spearman |
| 15:55 | Queue | Spearman |
| 15:57 | Queue | Spearman |
| 16:04 | Queue | Villager (Male) |
| 16:05 | Build | House |
| 16:08 | Build | Mining Camp |
| 16:32 | Queue | Villager (Male) |
| 16:45 | Build | Palisade Gate |
| 16:54 | Queue | Villager (Male) |
| 17:01 | Build | Farm |
| 17:21 | Queue | Villager (Male) |
| 17:28 | Build | Palisade Gate |
| 17:30 | Build | House |
| 17:45 | Research | Bloodlines |
| 18:07 | Queue | Villager (Male) |
| 18:10 | Build | Blacksmith |
| 18:25 | Build | Farm |
| 18:28 | Build | Farm |
| 18:34 | Build | House |
| 18:38 | Queue | Villager (Male) |
| 18:55 | Build | Farm |
| 18:56 | Build | Farm |
| 19:04 | Build | House |
| 19:11 | Queue | Villager (Male) |
| 19:15 | Build | Farm |
| 19:31 | Research | Castle Age |
| 19:41 | Build | Stable |
| 20:07 | Research | Forging |
| 20:14 | Build | House |
| 20:35 | Research | Gold Mining |
| 20:49 | Build | House |
| 20:50 | Research | Scale Barding Armor |
| 21:42 | Build | House |
| 21:48 | Build | Stable |
| 22:16 | Age | Castle Age |
| 22:17 | Queue | Villager (Male) |
| 22:19 | Research | Husbandry |
| 22:19 | Queue | Knight |
| 22:20 | Queue | Knight |
| 22:23 | Research | Chain Barding Armor |
| 22:25 | Research | Bow Saw |
| 22:54 | Queue | Knight |
| 22:55 | Queue | Knight |
| 23:09 | Research | Iron Casting |
| 23:11 | Queue | Villager (Male) |
| 23:17 | Build | Stable |
| 23:22 | Build | Town Center |
| 23:41 | Queue | Knight |
| 23:41 | Queue | Knight |
| 23:41 | Queue | Knight |
| 23:49 | Queue | Villager (Male) |
| 24:00 | Queue | Villager (Male) |
| 24:13 | Queue | Knight |
| 24:13 | Queue | Knight |
| 24:13 | Queue | Knight |
| 24:42 | Queue | Villager (Male) |
| 24:42 | Queue | Villager (Male) |
| 24:43 | Queue | Knight |
| 24:43 | Queue | Knight |
| 24:43 | Queue | Knight |
| 25:01 | Queue | Villager (Male) |
| 25:02 | Queue | Villager (Male) |
| 25:03 | Build | Farm |
| 25:26 | Queue | Villager (Male) |
| 25:27 | Queue | Knight |
| 25:27 | Queue | Knight |
| 25:27 | Queue | Knight |
Build order — DSLG | Genghis Khan!!!
First 150 of 446 actions detected
| 0:02 | Queue | Villager (Male) |
| 0:02 | Queue | Villager (Male) |
| 0:02 | Queue | Villager (Male) |
| 0:04 | Build | House |
| 0:05 | Build | House |
| 0:08 | Queue | Villager (Male) |
| 1:25 | Queue | Villager (Male) |
| 1:43 | Build | Lumber Camp |
| 2:06 | Queue | Villager (Male) |
| 2:26 | Queue | Villager (Male) |
| 2:26 | Queue | Villager (Male) |
| 3:11 | Build | House |
| 3:31 | Queue | Villager (Male) |
| 3:31 | Queue | Villager (Male) |
| 3:34 | Queue | Villager (Male) |
| 3:34 | Queue | Villager (Male) |
| 4:11 | Queue | Villager (Male) |
| 4:11 | Queue | Villager (Male) |
| 4:29 | Build | Dock |
| 4:37 | Queue | Villager (Male) |
| 4:40 | Build | House |
| 5:06 | Queue | Villager (Male) |
| 5:07 | Queue | Villager (Male) |
| 5:23 | Queue | Fishing Ship |
| 5:23 | Queue | Fishing Ship |
| 5:57 | Build | House |
| 5:58 | Build | House |
| 6:06 | Queue | Villager (Male) |
| 6:07 | Queue | Villager (Male) |
| 6:07 | Queue | Villager (Male) |
| 6:15 | Queue | Fishing Ship |
| 6:41 | Queue | Villager (Male) |
| 6:44 | Queue | Villager (Male) |
| 7:00 | Queue | Fishing Ship |
| 7:04 | Queue | Villager (Male) |
| 7:08 | Build | House |
| 7:18 | Queue | Villager (Male) |
| 7:21 | Queue | Villager (Male) |
| 7:58 | Build | Palisade Wall |
| 8:02 | Queue | Villager (Male) |
| 8:12 | Queue | Villager (Male) |
| 8:21 | Build | Lumber Camp |
| 8:33 | Queue | Villager (Male) |
| 8:47 | Build | Palisade Gate |
| 9:02 | Queue | Fishing Ship |
| 9:16 | Queue | Villager (Male) |
| 9:41 | Build | Palisade Wall |
| 9:48 | Queue | Fishing Ship |
| 10:01 | Research | Loom |
| 10:01 | Research | Feudal Age |
| 10:08 | Build | Dock |
| 10:19 | Build | Mining Camp |
| 11:21 | Build | House |
| 11:45 | Build | Mill |
| 12:10 | Queue | Villager (Male) |
| 12:31 | Age | Feudal Age |
| 12:35 | Build | Market |
| 12:40 | Build | Blacksmith |
| 12:53 | Queue | Villager (Male) |
| 13:01 | Build | Dock |
| 13:28 | Build | Palisade Wall |
| 13:46 | Build | Palisade Wall |
| 13:47 | Build | Palisade Wall |
| 13:50 | Build | Palisade Wall |
| 13:51 | Build | Palisade Wall |
| 13:56 | Research | Castle Age |
| 14:26 | Research | Double-Bit Axe |
| 14:28 | Research | Tech 906 |
| 14:56 | Queue | Fishing Ship |
| 14:57 | Queue | Fishing Ship |
| 15:43 | Build | Barracks |
| 16:31 | Build | Dock |
| 16:36 | Age | Castle Age |
| 16:41 | Research | Wheelbarrow |
| 16:43 | Queue | Villager (Male) |
| 16:45 | Build | Town Center |
| 17:02 | Build | House |
| 17:04 | Build | House |
| 17:14 | Queue | Villager (Male) |
| 17:23 | Queue | Spearman |
| 17:24 | Queue | Villager (Male) |
| 17:28 | Research | Bow Saw |
| 17:30 | Queue | Villager (Male) |
| 18:01 | Build | House |
| 18:13 | Queue | Villager (Male) |
| 18:27 | Research | War Galley (upgrade) |
| 18:37 | Queue | Fire Galley |
| 18:37 | Queue | Fire Galley |
| 18:52 | Queue | Villager (Male) |
| 18:53 | Queue | Villager (Male) |
| 18:56 | Queue | Villager (Male) |
| 19:01 | Build | House |
| 19:02 | Build | House |
| 19:10 | Queue | Fire Galley |
| 19:11 | Queue | Fire Galley |
| 19:38 | Build | Dock |
| 19:42 | Queue | Villager (Male) |
| 19:43 | Queue | Villager (Male) |
| 19:44 | Queue | Villager (Male) |
| 19:44 | Queue | Villager (Male) |
| 19:53 | Queue | Fire Galley |
| 19:53 | Queue | Fire Galley |
| 19:53 | Queue | Fire Galley |
| 19:55 | Queue | Villager (Male) |
| 19:55 | Queue | Villager (Male) |
| 19:55 | Queue | Villager (Male) |
| 20:30 | Queue | Villager (Male) |
| 20:30 | Queue | Villager (Male) |
| 20:31 | Queue | Villager (Male) |
| 20:34 | Build | Town Center |
| 20:55 | Queue | Villager (Male) |
| 21:10 | Queue | Villager (Male) |
| 21:35 | Build | Palisade Wall |
| 21:36 | Build | Palisade Wall |
| 21:40 | Queue | Villager (Male) |
| 21:44 | Queue | Villager (Male) |
| 21:45 | Queue | Villager (Male) |
| 21:46 | Queue | Villager (Male) |
| 21:49 | Queue | Villager (Male) |
| 21:50 | Queue | Villager (Male) |
| 22:18 | Queue | Villager (Male) |
| 22:23 | Queue | Villager (Male) |
| 22:27 | Build | Dock |
| 22:32 | Queue | Galley |
| 22:32 | Queue | Galley |
| 22:33 | Queue | Galley |
| 22:33 | Queue | Galley |
| 22:33 | Queue | Galley |
| 22:34 | Queue | Galley |
| 22:34 | Queue | Villager (Male) |
| 22:35 | Queue | Villager (Male) |
| 23:18 | Queue | Villager (Male) |
| 23:18 | Queue | Villager (Male) |
| 23:26 | Research | Fletching |
| 23:26 | Queue | Villager (Male) |
| 23:27 | Queue | Villager (Male) |
| 23:27 | Queue | Villager (Male) |
| 23:27 | Queue | Villager (Male) |
| 23:27 | Queue | Villager (Male) |
| 23:44 | Build | Lumber Camp |
| 23:51 | Queue | Villager (Male) |
| 23:55 | Build | Dock |
| 24:09 | Queue | Galley |
| 24:09 | Queue | Galley |
| 24:09 | Queue | Galley |
| 24:12 | Queue | Villager (Male) |
| 24:12 | Queue | Villager (Male) |
| 24:19 | Build | House |
| 24:19 | Build | House |
| 24:32 | Build | Dock |
Build order — JonnyTheMonkey
First 150 of 366 actions detected
| 0:01 | Queue | Villager (Male) |
| 0:01 | Queue | Villager (Male) |
| 0:02 | Build | House |
| 0:04 | Build | House |
| 0:20 | Queue | Villager (Male) |
| 0:20 | Queue | Villager (Male) |
| 1:29 | Queue | Villager (Male) |
| 1:55 | Build | Lumber Camp |
| 2:04 | Queue | Villager (Male) |
| 2:40 | Queue | Villager (Male) |
| 2:40 | Queue | Villager (Male) |
| 2:57 | Queue | Villager (Male) |
| 3:24 | Queue | Villager (Male) |
| 3:36 | Build | Palisade Wall |
| 3:37 | Build | Palisade Wall |
| 3:40 | Build | Palisade Wall |
| 3:41 | Build | Palisade Wall |
| 3:47 | Queue | Villager (Male) |
| 3:47 | Queue | Villager (Male) |
| 4:23 | Build | House |
| 4:24 | Build | House |
| 4:32 | Queue | Villager (Male) |
| 5:08 | Queue | Villager (Male) |
| 5:32 | Queue | Villager (Male) |
| 5:56 | Build | Barracks |
| 6:00 | Queue | Villager (Male) |
| 6:00 | Research | Loom |
| 6:03 | Queue | Villager (Male) |
| 6:40 | Queue | Militia |
| 6:41 | Queue | Militia |
| 6:42 | Queue | Militia |
| 6:43 | Queue | Villager (Male) |
| 6:55 | Queue | Villager (Male) |
| 7:04 | Build | House |
| 7:27 | Build | House |
| 7:42 | Queue | Villager (Male) |
| 8:03 | Queue | Villager (Male) |
| 8:18 | Build | Mill |
| 8:20 | Queue | Villager (Male) |
| 8:55 | Build | Farm |
| 8:58 | Build | Farm |
| 8:59 | Research | Loom |
| 9:20 | Build | Farm |
| 9:26 | Research | Feudal Age |
| 9:41 | Build | Farm |
| 10:04 | Build | Palisade Wall |
| 10:05 | Build | Palisade Wall |
| 10:13 | Build | Palisade Wall |
| 10:17 | Build | Palisade Wall |
| 10:18 | Build | Palisade Wall |
| 10:19 | Build | Palisade Wall |
| 10:24 | Build | Palisade Gate |
| 10:29 | Build | Palisade Wall |
| 10:32 | Build | Palisade Wall |
| 10:33 | Build | Palisade Wall |
| 10:35 | Build | Palisade Wall |
| 11:03 | Queue | Villager (Male) |
| 11:20 | Build | Mining Camp |
| 11:27 | Build | Mining Camp |
| 11:29 | Queue | Villager (Male) |
| 11:36 | Age | Feudal Age |
| 12:00 | Build | Palisade Wall |
| 12:02 | Build | Palisade Wall |
| 12:08 | Build | Archery Range |
| 12:12 | Research | Town Watch |
| 12:23 | Research | Double-Bit Axe |
| 12:30 | Queue | Villager (Male) |
| 12:30 | Queue | Villager (Male) |
| 12:55 | Queue | Villager (Male) |
| 13:02 | Build | Palisade Wall |
| 13:09 | Queue | Archer |
| 13:19 | Build | Archery Range |
| 13:40 | Queue | Villager (Male) |
| 13:47 | Build | Stone Wall |
| 13:49 | Build | Stone Wall |
| 13:50 | Build | Stone Wall |
| 13:52 | Build | Stone Wall |
| 13:54 | Queue | Archer |
| 13:55 | Build | Stone Wall |
| 13:56 | Build | Stone Wall |
| 13:59 | Build | Stone Wall |
| 14:01 | Build | Stone Wall |
| 14:08 | Queue | Villager (Male) |
| 14:08 | Queue | Archer |
| 14:14 | Queue | Villager (Male) |
| 14:24 | Queue | Archer |
| 14:28 | Build | House |
| 14:29 | Build | House |
| 14:34 | Research | Wheelbarrow |
| 14:38 | Build | Farm |
| 14:54 | Build | Stone Wall |
| 14:59 | Build | Stone Wall |
| 15:00 | Queue | Villager (Male) |
| 15:06 | Build | Mining Camp |
| 15:11 | Queue | Villager (Male) |
| 15:12 | Queue | Archer |
| 15:12 | Queue | Archer |
| 15:33 | Queue | Archer |
| 15:46 | Queue | Archer |
| 15:47 | Queue | Archer |
| 16:08 | Build | Mining Camp |
| 16:34 | Build | Blacksmith |
| 16:40 | Queue | Villager (Male) |
| 16:43 | Build | Gate |
| 16:49 | Build | Gate |
| 16:54 | Queue | Archer |
| 16:54 | Queue | Archer |
| 16:55 | Queue | Villager (Male) |
| 17:09 | Research | Fletching |
| 17:24 | Build | Farm |
| 17:25 | Queue | Villager (Male) |
| 17:33 | Queue | Archer |
| 17:53 | Build | Farm |
| 17:54 | Build | Farm |
| 17:54 | Build | Farm |
| 17:58 | Queue | Archer |
| 17:58 | Queue | Villager (Male) |
| 18:16 | Build | House |
| 18:17 | Build | House |
| 18:23 | Research | Padded Archer Armor |
| 18:30 | Build | House |
| 18:35 | Build | Stone Wall |
| 18:38 | Build | Stone Wall |
| 18:39 | Build | Stone Wall |
| 18:41 | Queue | Archer |
| 18:43 | Queue | Villager (Male) |
| 18:46 | Build | Farm |
| 18:49 | Build | Farm |
| 19:04 | Queue | Villager (Male) |
| 19:06 | Build | Farm |
| 19:11 | Queue | Archer |
| 19:21 | Build | Farm |
| 19:23 | Build | Farm |
| 19:28 | Queue | Archer |
| 19:33 | Build | Stone Wall |
| 19:34 | Build | Stone Wall |
| 19:34 | Build | Stone Wall |
| 19:35 | Build | Stone Wall |
| 19:36 | Build | Stone Wall |
| 19:37 | Build | Stone Wall |
| 19:37 | Build | Stone Wall |
| 19:38 | Build | Stone Wall |
| 19:40 | Build | Stone Wall |
| 19:42 | Build | Stone Wall |
| 19:42 | Queue | Villager (Male) |
| 19:44 | Queue | Archer |
| 19:49 | Build | Farm |
| 19:59 | Queue | Villager (Male) |
| 20:10 | Build | Lumber Camp |
| 20:16 | Queue | Archer |
Build order — Čiko
First 150 of 354 actions detected
| 0:01 | Queue | Villager (Male) |
| 0:01 | Queue | Villager (Male) |
| 0:02 | Queue | Villager (Male) |
| 0:02 | Build | House |
| 0:04 | Build | House |
| 0:24 | Queue | Villager (Male) |
| 1:25 | Queue | Villager (Male) |
| 1:25 | Queue | Villager (Male) |
| 1:38 | Queue | Villager (Male) |
| 2:05 | Queue | Villager (Male) |
| 2:10 | Build | Lumber Camp |
| 2:29 | Queue | Villager (Male) |
| 2:29 | Queue | Villager (Male) |
| 2:58 | Queue | Villager (Male) |
| 2:59 | Queue | Villager (Male) |
| 3:22 | Queue | Villager (Male) |
| 3:22 | Queue | Villager (Male) |
| 3:39 | Build | Palisade Wall |
| 3:40 | Build | House |
| 3:56 | Queue | Villager (Male) |
| 3:56 | Queue | Villager (Male) |
| 4:17 | Queue | Villager (Male) |
| 4:17 | Queue | Villager (Male) |
| 4:52 | Queue | Villager (Male) |
| 4:52 | Queue | Villager (Male) |
| 4:52 | Queue | Villager (Male) |
| 5:13 | Queue | Villager (Male) |
| 5:13 | Queue | Villager (Male) |
| 5:55 | Queue | Villager (Male) |
| 6:02 | Build | Mill |
| 6:41 | Research | Loom |
| 6:48 | Build | House |
| 6:50 | Build | House |
| 7:02 | Research | Feudal Age |
| 8:00 | Build | Barracks |
| 8:16 | Queue | Villager (Male) |
| 8:16 | Queue | Villager (Male) |
| 9:12 | Age | Feudal Age |
| 9:33 | Build | Stable |
| 9:53 | Queue | Villager (Male) |
| 9:54 | Queue | Villager (Male) |
| 10:13 | Build | Palisade Wall |
| 10:16 | Build | Palisade Wall |
| 10:16 | Build | Palisade Wall |
| 10:20 | Build | Palisade Wall |
| 10:22 | Build | House |
| 10:27 | Research | Double-Bit Axe |
| 10:31 | Queue | Scout Cavalry |
| 10:47 | Queue | Scout Cavalry |
| 10:49 | Queue | Villager (Male) |
| 10:58 | Build | Farm |
| 11:00 | Research | Horse Collar |
| 11:01 | Queue | Villager (Male) |
| 11:02 | Queue | Scout Cavalry |
| 11:14 | Build | House |
| 11:17 | Build | Palisade Wall |
| 11:19 | Build | Palisade Gate |
| 11:25 | Build | Palisade Wall |
| 11:30 | Queue | Villager (Male) |
| 11:32 | Build | House |
| 11:33 | Queue | Scout Cavalry |
| 11:45 | Queue | Scout Cavalry |
| 12:01 | Queue | Villager (Male) |
| 12:06 | Build | Farm |
| 12:07 | Build | Farm |
| 12:10 | Queue | Villager (Male) |
| 12:24 | Build | Farm |
| 12:48 | Queue | Villager (Male) |
| 13:04 | Queue | Villager (Male) |
| 13:07 | Build | Farm |
| 13:11 | Build | Farm |
| 13:13 | Build | Farm |
| 13:23 | Queue | Villager (Male) |
| 13:29 | Build | Farm |
| 13:48 | Queue | Villager (Male) |
| 13:48 | Queue | Villager (Male) |
| 13:51 | Build | Farm |
| 13:54 | Build | Farm |
| 14:19 | Build | Mining Camp |
| 14:21 | Queue | Villager (Male) |
| 14:44 | Build | Market |
| 15:14 | Build | House |
| 15:15 | Build | House |
| 15:19 | Queue | Villager (Male) |
| 16:09 | Queue | Villager (Male) |
| 16:18 | Build | Blacksmith |
| 16:21 | Build | Farm |
| 16:22 | Build | Farm |
| 16:22 | Build | Farm |
| 16:41 | Research | Castle Age |
| 16:44 | Build | Farm |
| 17:00 | Build | Stone Wall |
| 17:01 | Build | Gate |
| 17:30 | Build | Farm |
| 17:32 | Build | Farm |
| 17:33 | Build | Farm |
| 18:17 | Build | Palisade Wall |
| 18:19 | Build | Palisade Wall |
| 18:20 | Build | Palisade Wall |
| 18:48 | Queue | Scout Cavalry |
| 18:48 | Queue | Scout Cavalry |
| 19:06 | Build | Gate |
| 19:10 | Research | Wheelbarrow |
| 19:21 | Age | Castle Age |
| 19:37 | Build | Town Center |
| 19:43 | Research | Bow Saw |
| 19:44 | Research | Bow Saw |
| 19:57 | Research | Heavy Plow |
| 20:15 | Queue | Villager (Male) |
| 20:16 | Queue | Villager (Male) |
| 20:31 | Queue | Villager (Male) |
| 20:52 | Queue | Villager (Male) |
| 21:09 | Queue | Villager (Male) |
| 21:25 | Queue | Camel Scout |
| 21:25 | Queue | Camel Scout |
| 21:30 | Queue | Villager (Male) |
| 21:47 | Build | Town Center |
| 21:48 | Queue | Villager (Male) |
| 21:48 | Queue | Villager (Male) |
| 21:56 | Queue | Villager (Male) |
| 21:59 | Queue | Villager (Male) |
| 21:59 | Queue | Villager (Male) |
| 22:09 | Build | House |
| 22:14 | Queue | Villager (Male) |
| 22:14 | Queue | Villager (Male) |
| 22:15 | Queue | Villager (Male) |
| 22:30 | Build | House |
| 22:31 | Build | House |
| 22:32 | Build | House |
| 22:32 | Queue | Villager (Male) |
| 22:32 | Queue | Villager (Male) |
| 22:33 | Queue | Villager (Male) |
| 22:51 | Queue | Villager (Male) |
| 22:51 | Queue | Villager (Male) |
| 23:04 | Queue | Villager (Male) |
| 23:07 | Research | Hand Cart |
| 23:22 | Queue | Villager (Male) |
| 23:22 | Queue | Villager (Male) |
| 23:25 | Queue | Villager (Male) |
| 23:37 | Queue | Villager (Male) |
| 23:42 | Queue | Villager (Male) |
| 23:42 | Queue | Villager (Male) |
| 23:42 | Queue | Villager (Male) |
| 23:57 | Build | Town Center |
| 24:05 | Queue | Villager (Male) |
| 24:05 | Queue | Villager (Male) |
| 24:21 | Build | Lumber Camp |
| 24:22 | Queue | Villager (Male) |
| 24:22 | Queue | Villager (Male) |
| 24:22 | Queue | Villager (Male) |
Build order — BomBomB0
First 150 of 368 actions detected
| 0:00 | Queue | Villager (Male) |
| 0:00 | Queue | Villager (Male) |
| 0:02 | Build | House |
| 0:03 | Build | House |
| 0:25 | Queue | Villager (Male) |
| 0:26 | Queue | Villager (Male) |
| 0:26 | Queue | Villager (Male) |
| 1:31 | Queue | Villager (Male) |
| 1:58 | Queue | Villager (Male) |
| 1:59 | Queue | Villager (Male) |
| 2:03 | Build | Lumber Camp |
| 2:13 | Queue | Villager (Male) |
| 2:42 | Queue | Villager (Male) |
| 2:42 | Queue | Villager (Male) |
| 3:05 | Queue | Villager (Male) |
| 3:25 | Build | House |
| 3:28 | Queue | Villager (Male) |
| 3:57 | Queue | Villager (Male) |
| 4:31 | Queue | Villager (Male) |
| 4:46 | Build | Dock |
| 5:01 | Queue | Villager (Male) |
| 5:19 | Queue | Villager (Male) |
| 5:19 | Queue | Villager (Male) |
| 5:34 | Queue | Fishing Ship |
| 5:45 | Build | House |
| 5:49 | Queue | Villager (Male) |
| 5:52 | Queue | Fishing Ship |
| 6:17 | Queue | Villager (Male) |
| 6:17 | Queue | Villager (Male) |
| 6:31 | Build | House |
| 6:35 | Queue | Villager (Male) |
| 6:41 | Queue | Fishing Ship |
| 6:57 | Queue | Villager (Male) |
| 6:57 | Queue | Villager (Male) |
| 7:00 | Build | House |
| 7:01 | Build | Palisade Wall |
| 7:18 | Queue | Villager (Male) |
| 7:18 | Queue | Villager (Male) |
| 7:19 | Queue | Villager (Male) |
| 7:19 | Queue | Villager (Male) |
| 7:19 | Queue | Villager (Male) |
| 7:36 | Queue | Fishing Ship |
| 7:36 | Queue | Fishing Ship |
| 8:11 | Queue | Fishing Ship |
| 8:29 | Build | Mill |
| 8:36 | Build | House |
| 8:46 | Queue | Villager (Male) |
| 9:09 | Queue | Fishing Ship |
| 9:20 | Build | Mining Camp |
| 9:23 | Research | Feudal Age |
| 9:23 | Research | Feudal Age |
| 10:20 | Queue | Villager (Male) |
| 10:21 | Queue | Villager (Male) |
| 11:29 | Queue | Fishing Ship |
| 11:47 | Age | Feudal Age |
| 11:48 | Build | Market |
| 11:50 | Build | Blacksmith |
| 12:06 | Build | Lumber Camp |
| 12:32 | Research | Castle Age |
| 12:34 | Research | Double-Bit Axe |
| 12:36 | Research | Tech 906 |
| 13:01 | Research | Fletching |
| 13:01 | Research | Fletching |
| 13:16 | Research | Gold Mining |
| 13:17 | Queue | Galley |
| 13:26 | Build | Dock |
| 13:36 | Build | House |
| 13:37 | Build | House |
| 13:38 | Build | House |
| 13:54 | Build | Palisade Wall |
| 14:03 | Queue | Galley |
| 14:09 | Queue | Galley |
| 14:18 | Queue | Villager (Male) |
| 14:38 | Queue | Villager (Male) |
| 14:45 | Build | Dock |
| 14:58 | Queue | Galley |
| 15:17 | Age | Castle Age |
| 15:22 | Research | Bow Saw |
| 15:25 | Queue | Galley |
| 15:25 | Queue | Galley |
| 15:45 | Queue | Fishing Ship |
| 15:46 | Queue | Fishing Ship |
| 15:46 | Queue | Fishing Ship |
| 15:56 | Queue | Villager (Male) |
| 16:02 | Research | Gillnets |
| 16:05 | Queue | Villager (Male) |
| 16:08 | Queue | Villager (Male) |
| 16:08 | Queue | Villager (Male) |
| 16:24 | Queue | Villager (Male) |
| 16:26 | Queue | Fishing Ship |
| 16:27 | Queue | Fishing Ship |
| 16:27 | Queue | Fishing Ship |
| 16:28 | Queue | Fishing Ship |
| 16:41 | Research | War Galley (upgrade) |
| 16:59 | Build | House |
| 17:03 | Build | Palisade Wall |
| 17:04 | Build | Palisade Wall |
| 17:08 | Build | House |
| 17:10 | Build | Palisade Wall |
| 17:22 | Research | Loom |
| 17:46 | Queue | Villager (Male) |
| 18:09 | Queue | Villager (Male) |
| 18:23 | Queue | Villager (Male) |
| 18:28 | Build | Palisade Wall |
| 18:31 | Build | Palisade Wall |
| 18:32 | Queue | Villager (Male) |
| 18:40 | Queue | Villager (Male) |
| 18:46 | Queue | Villager (Male) |
| 18:48 | Queue | Fishing Ship |
| 18:48 | Queue | Fishing Ship |
| 18:48 | Queue | Fishing Ship |
| 18:49 | Queue | Fishing Ship |
| 18:53 | Build | Dock |
| 19:07 | Queue | Villager (Male) |
| 19:27 | Build | House |
| 19:30 | Build | House |
| 19:33 | Build | House |
| 19:35 | Build | House |
| 19:42 | Queue | Villager (Male) |
| 19:47 | Research | Bodkin Arrow |
| 19:57 | Queue | Galley |
| 19:58 | Queue | Galley |
| 19:58 | Queue | Galley |
| 20:09 | Build | Town Center |
| 20:25 | Queue | Fire Galley |
| 20:25 | Queue | Fire Galley |
| 20:40 | Queue | Villager (Male) |
| 20:44 | Build | Palisade Wall |
| 20:47 | Build | Palisade Gate |
| 20:49 | Build | Palisade Wall |
| 21:05 | Queue | Unit 2626 |
| 21:05 | Queue | Unit 2626 |
| 21:08 | Queue | Villager (Male) |
| 21:08 | Queue | Villager (Male) |
| 21:09 | Queue | Villager (Male) |
| 21:40 | Queue | Villager (Male) |
| 21:48 | Queue | Unit 2626 |
| 21:49 | Queue | Unit 2626 |
| 21:49 | Queue | Unit 2626 |
| 21:51 | Queue | Villager (Male) |
| 22:01 | Build | House |
| 22:07 | Queue | Villager (Male) |
| 22:25 | Build | Lumber Camp |
| 22:30 | Queue | Villager (Male) |
| 22:36 | Queue | Villager (Male) |
| 22:41 | Queue | Fishing Ship |
| 22:41 | Queue | Fishing Ship |
| 22:42 | Queue | Fishing Ship |
| 22:42 | Queue | Fishing Ship |
| 23:01 | Queue | Villager (Male) |
Build order — alesh
First 150 of 366 actions detected
| 0:00 | Queue | Villager (Male) |
| 0:01 | Queue | Villager (Male) |
| 0:01 | Queue | Villager (Male) |
| 0:01 | Queue | Villager (Male) |
| 0:01 | Queue | Villager (Male) |
| 0:03 | Build | House |
| 0:05 | Build | House |
| 1:33 | Queue | Villager (Male) |
| 1:58 | Queue | Villager (Male) |
| 2:16 | Queue | Villager (Male) |
| 2:16 | Queue | Villager (Male) |
| 2:19 | Build | Lumber Camp |
| 2:41 | Queue | Villager (Male) |
| 2:41 | Queue | Villager (Male) |
| 2:54 | Queue | Villager (Male) |
| 2:54 | Queue | Villager (Male) |
| 3:35 | Build | House |
| 3:48 | Queue | Villager (Male) |
| 3:48 | Queue | Villager (Male) |
| 4:38 | Queue | Villager (Male) |
| 4:38 | Queue | Villager (Male) |
| 4:54 | Build | Dock |
| 5:11 | Queue | Villager (Male) |
| 5:11 | Queue | Villager (Male) |
| 5:34 | Build | House |
| 5:44 | Queue | Villager (Male) |
| 6:01 | Queue | Fishing Ship |
| 6:10 | Queue | Villager (Male) |
| 6:14 | Queue | Villager (Male) |
| 6:31 | Queue | Fishing Ship |
| 6:34 | Queue | Villager (Male) |
| 6:57 | Queue | Villager (Male) |
| 7:01 | Build | House |
| 7:08 | Queue | Fishing Ship |
| 7:41 | Queue | Villager (Male) |
| 7:48 | Queue | Fishing Ship |
| 7:59 | Queue | Villager (Male) |
| 8:23 | Research | Loom |
| 8:36 | Build | Mill |
| 8:42 | Research | Feudal Age |
| 9:08 | Build | Mining Camp |
| 9:16 | Queue | Villager (Male) |
| 9:17 | Queue | Villager (Male) |
| 9:44 | Queue | Fishing Ship |
| 9:50 | Build | House |
| 11:18 | Age | Feudal Age |
| 11:20 | Queue | Fishing Ship |
| 11:23 | Research | Castle Age |
| 11:23 | Research | Castle Age |
| 11:25 | Research | Double-Bit Axe |
| 11:51 | Research | Gold Mining |
| 11:51 | Research | Gold Mining |
| 12:17 | Build | House |
| 12:28 | Build | Stable |
| 13:32 | Queue | Villager (Male) |
| 13:43 | Queue | Villager (Male) |
| 13:47 | Build | Stable |
| 14:03 | Queue | Villager (Male) |
| 14:03 | Age | Castle Age |
| 14:04 | Queue | Knight |
| 14:04 | Queue | Knight |
| 14:21 | Research | Horse Collar |
| 14:28 | Queue | Knight |
| 14:28 | Queue | Knight |
| 14:32 | Build | House |
| 14:36 | Build | Farm |
| 14:38 | Queue | Villager (Male) |
| 15:00 | Build | House |
| 15:04 | Queue | Knight |
| 15:04 | Queue | Knight |
| 15:07 | Queue | Villager (Male) |
| 15:10 | Queue | Knight |
| 15:11 | Queue | Knight |
| 15:20 | Queue | Villager (Male) |
| 15:22 | Build | Farm |
| 15:23 | Build | Farm |
| 15:58 | Queue | Villager (Male) |
| 16:00 | Queue | Knight |
| 16:00 | Queue | Knight |
| 16:03 | Queue | Villager (Male) |
| 16:07 | Build | House |
| 16:20 | Build | Farm |
| 16:20 | Build | Farm |
| 16:21 | Queue | Villager (Male) |
| 16:23 | Queue | Knight |
| 16:23 | Queue | Knight |
| 16:34 | Queue | Villager (Male) |
| 16:37 | Build | Farm |
| 16:41 | Queue | Knight |
| 16:42 | Queue | Knight |
| 16:45 | Queue | Villager (Male) |
| 17:11 | Build | Farm |
| 17:13 | Build | Farm |
| 17:16 | Queue | Knight |
| 17:17 | Queue | Knight |
| 17:31 | Queue | Villager (Male) |
| 17:35 | Build | Farm |
| 17:40 | Queue | Villager (Male) |
| 17:46 | Queue | Knight |
| 17:47 | Queue | Knight |
| 18:05 | Queue | Villager (Male) |
| 18:08 | Queue | Villager (Male) |
| 18:12 | Queue | Knight |
| 18:12 | Queue | Knight |
| 18:22 | Build | Farm |
| 18:23 | Build | Farm |
| 18:23 | Build | Farm |
| 18:24 | Queue | Villager (Male) |
| 18:41 | Queue | Knight |
| 18:42 | Queue | Knight |
| 18:49 | Queue | Villager (Male) |
| 19:01 | Research | Husbandry |
| 19:02 | Research | Husbandry |
| 19:23 | Queue | Villager (Male) |
| 19:26 | Build | Farm |
| 19:27 | Build | Farm |
| 19:28 | Build | Farm |
| 19:45 | Build | Farm |
| 19:46 | Queue | Villager (Male) |
| 19:55 | Build | House |
| 19:57 | Queue | Villager (Male) |
| 20:03 | Queue | Villager (Male) |
| 20:05 | Build | House |
| 20:21 | Build | Farm |
| 20:21 | Queue | Villager (Male) |
| 20:23 | Build | Farm |
| 20:25 | Queue | Knight |
| 20:26 | Queue | Knight |
| 20:26 | Queue | Knight |
| 20:26 | Queue | Knight |
| 20:40 | Build | House |
| 21:00 | Queue | Villager (Male) |
| 21:14 | Build | Blacksmith |
| 21:20 | Queue | Villager (Male) |
| 21:22 | Queue | Knight |
| 21:22 | Queue | Knight |
| 21:23 | Queue | Knight |
| 21:37 | Build | Farm |
| 21:37 | Queue | Villager (Male) |
| 21:58 | Build | House |
| 22:03 | Build | House |
| 22:08 | Research | Bloodlines |
| 22:09 | Research | Bloodlines |
| 22:10 | Research | Scale Barding Armor |
| 22:10 | Research | Scale Barding Armor |
| 22:14 | Build | Farm |
| 22:15 | Queue | Villager (Male) |
| 22:26 | Queue | Knight |
| 22:26 | Queue | Knight |
| 22:29 | Build | House |
Build order — noru
First 150 of 286 actions detected
| 0:00 | Queue | Villager (Male) |
| 0:01 | Queue | Villager (Male) |
| 0:02 | Build | House |
| 0:02 | Build | House |
| 0:16 | Queue | Villager (Male) |
| 0:17 | Queue | Villager (Male) |
| 1:28 | Queue | Villager (Male) |
| 1:55 | Queue | Villager (Male) |
| 1:55 | Queue | Villager (Male) |
| 2:07 | Queue | Villager (Male) |
| 2:33 | Queue | Villager (Male) |
| 2:33 | Queue | Villager (Male) |
| 3:12 | Queue | Villager (Male) |
| 3:21 | Queue | Villager (Male) |
| 3:34 | Queue | Villager (Male) |
| 3:35 | Queue | Villager (Male) |
| 4:00 | Build | Lumber Camp |
| 4:02 | Build | House |
| 4:10 | Queue | Villager (Male) |
| 4:11 | Queue | Villager (Male) |
| 4:48 | Queue | Villager (Male) |
| 5:20 | Queue | Villager (Male) |
| 5:42 | Queue | Villager (Male) |
| 5:57 | Build | Mining Camp |
| 6:14 | Queue | Villager (Male) |
| 6:14 | Research | Loom |
| 7:02 | Build | House |
| 7:09 | Build | Palisade Wall |
| 7:14 | Build | Palisade Wall |
| 7:16 | Queue | Villager (Male) |
| 7:17 | Research | Feudal Age |
| 8:35 | Build | Barracks |
| 8:59 | Build | House |
| 9:07 | Queue | Villager (Male) |
| 9:29 | Age | Feudal Age |
| 9:31 | Research | Double-Bit Axe |
| 9:42 | Build | Archery Range |
| 9:51 | Queue | Villager (Male) |
| 10:06 | Queue | Villager (Male) |
| 10:29 | Build | Blacksmith |
| 10:31 | Build | Palisade Wall |
| 10:33 | Queue | Archer |
| 10:41 | Build | Archery Range |
| 10:44 | Queue | Villager (Male) |
| 10:50 | Queue | Archer |
| 10:59 | Queue | Villager (Male) |
| 11:06 | Build | House |
| 11:12 | Research | Town Watch |
| 11:17 | Build | House |
| 11:18 | Research | Fletching |
| 11:22 | Build | House |
| 11:26 | Build | House |
| 11:30 | Build | House |
| 11:38 | Queue | Villager (Male) |
| 11:40 | Build | Mill |
| 11:42 | Queue | Archer |
| 11:42 | Queue | Archer |
| 11:56 | Queue | Archer |
| 12:06 | Build | House |
| 12:13 | Queue | Archer |
| 12:14 | Queue | Archer |
| 12:17 | Queue | Villager (Male) |
| 12:18 | Queue | Villager (Male) |
| 12:29 | Build | House |
| 12:31 | Build | Palisade Wall |
| 12:51 | Queue | Archer |
| 12:51 | Queue | Archer |
| 12:57 | Queue | Villager (Male) |
| 13:05 | Queue | Villager (Male) |
| 13:09 | Queue | Archer |
| 13:48 | Queue | Villager (Male) |
| 13:50 | Build | Farm |
| 13:52 | Build | Farm |
| 13:52 | Build | Farm |
| 13:57 | Build | House |
| 14:05 | Queue | Villager (Male) |
| 14:06 | Build | Farm |
| 14:08 | Build | Farm |
| 14:27 | Build | Palisade Wall |
| 14:32 | Queue | Archer |
| 14:32 | Queue | Archer |
| 14:34 | Queue | Villager (Male) |
| 14:40 | Build | House |
| 14:40 | Build | House |
| 14:47 | Build | Farm |
| 14:49 | Research | Horse Collar |
| 14:49 | Research | Horse Collar |
| 15:05 | Build | Farm |
| 15:05 | Queue | Villager (Male) |
| 15:12 | Build | House |
| 15:13 | Build | House |
| 15:16 | Queue | Villager (Male) |
| 15:37 | Queue | Villager (Male) |
| 15:42 | Build | House |
| 15:44 | Build | House |
| 15:52 | Build | Farm |
| 15:53 | Build | Farm |
| 16:14 | Research | Padded Archer Armor |
| 16:19 | Queue | Villager (Male) |
| 16:42 | Build | House |
| 16:44 | Build | Market |
| 16:48 | Queue | Villager (Male) |
| 16:50 | Build | Farm |
| 16:52 | Build | Farm |
| 16:57 | Build | House |
| 16:58 | Build | Palisade Gate |
| 17:03 | Queue | Villager (Male) |
| 17:08 | Build | House |
| 17:21 | Build | Farm |
| 17:27 | Research | Wheelbarrow |
| 17:28 | Research | Wheelbarrow |
| 17:28 | Research | Wheelbarrow |
| 17:55 | Build | Farm |
| 18:01 | Research | Gold Mining |
| 18:15 | Queue | Villager (Male) |
| 18:37 | Queue | Villager (Male) |
| 18:48 | Build | House |
| 19:19 | Research | Castle Age |
| 19:19 | Research | Castle Age |
| 19:44 | Queue | Archer |
| 19:45 | Queue | Archer |
| 19:52 | Queue | Archer |
| 19:52 | Queue | Archer |
| 20:05 | Build | Mining Camp |
| 20:20 | Queue | Archer |
| 20:20 | Queue | Archer |
| 20:29 | Build | House |
| 20:30 | Build | House |
| 20:32 | Build | House |
| 21:42 | Queue | Villager (Male) |
| 21:59 | Age | Castle Age |
| 22:04 | Research | Crossbowman (upgrade) |
| 22:05 | Research | Bodkin Arrow |
| 22:05 | Research | Bodkin Arrow |
| 22:06 | Research | Bow Saw |
| 22:06 | Research | Bow Saw |
| 22:08 | Queue | Villager (Male) |
| 22:10 | Build | University |
| 22:22 | Queue | Villager (Male) |
| 22:28 | Build | Town Center |
| 22:35 | Research | Heavy Plow |
| 23:06 | Queue | Villager (Male) |
| 23:08 | Queue | Villager (Male) |
| 23:08 | Queue | Villager (Male) |
| 23:09 | Research | Ballistics |
| 23:21 | Queue | Villager (Male) |
| 23:33 | Queue | Archer |
| 23:33 | Queue | Archer |
| 23:56 | Queue | Villager (Male) |
| 23:58 | Queue | Archer |
Match timeline
| 3:36 | JonnyTheMonkey · wall_segment Palisade Wall x1 |
| 3:37 | JonnyTheMonkey · wall_segment Palisade Wall x1 |
| 3:39 | Čiko · wall_segment Palisade Wall x1 |
| 3:40 | JonnyTheMonkey · wall_segment Palisade Wall x1 |
| 3:41 | JonnyTheMonkey · wall_segment Palisade Wall x1 |
| 4:29 | DSLG | Genghis Khan!!! · first_building Dock |
| 4:46 | BomBomB0 · first_building Dock |
| 4:54 | alesh · first_building Dock |
| 5:56 | JonnyTheMonkey · first_building Barracks |
| 7:01 | BomBomB0 · wall_segment Palisade Wall x1 |
| 7:09 | noru · wall_segment Palisade Wall x3 |
| 7:14 | noru · wall_segment Palisade Wall x12 |
| 7:19 | Fs.BlinkAoE · first_building Barracks |
| 7:58 | DSLG | Genghis Khan!!! · wall_segment Palisade Wall x19 |
| 8:00 | Čiko · first_building Barracks |
| 8:35 | noru · first_building Barracks |
| 8:54 | Fs.BlinkAoE · age_up feudal |
| 8:58 | Fs.BlinkAoE · first_building Stable |
| 9:12 | Čiko · age_up feudal |
| 9:20 | Fs.Diablo · first_building Barracks |
| 9:29 | noru · age_up feudal |
| 9:33 | Čiko · first_building Stable |
| 9:41 | DSLG | Genghis Khan!!! · wall_segment Palisade Wall x1 |
| 9:42 | noru · first_building Archery Range |
| 10:04 | JonnyTheMonkey · wall_segment Palisade Wall x1 |
| 10:05 | JonnyTheMonkey · wall_segment Palisade Wall x4 |
| 10:13 | JonnyTheMonkey · wall_segment Palisade Wall x1 |
| 10:13 | Čiko · wall_segment Palisade Wall x1 |
| 10:16 | Čiko · wall_segment Palisade Wall x1 |
| 10:16 | Čiko · wall_segment Palisade Wall x1 |
| 10:17 | JonnyTheMonkey · wall_segment Palisade Wall x10 |
| 10:18 | JonnyTheMonkey · wall_segment Palisade Wall x1 |
| 10:19 | JonnyTheMonkey · wall_segment Palisade Wall x1 |
| 10:20 | Čiko · wall_segment Palisade Wall x1 |
| 10:29 | JonnyTheMonkey · wall_segment Palisade Wall x1 |
| 10:31 | noru · wall_segment Palisade Wall x1 |
| 10:32 | JonnyTheMonkey · wall_segment Palisade Wall x1 |
| 10:33 | JonnyTheMonkey · wall_segment Palisade Wall x8 |
| 10:35 | JonnyTheMonkey · wall_segment Palisade Wall x1 |
| 10:56 | Fs.Diablo · age_up feudal |
| 10:59 | Fs.Diablo · first_building Stable |
| 11:17 | Čiko · wall_segment Palisade Wall x4 |
| 11:18 | alesh · age_up feudal |
| 11:25 | Čiko · wall_segment Palisade Wall x3 |
| 11:36 | JonnyTheMonkey · age_up feudal |
| 11:47 | BomBomB0 · age_up feudal |
| 12:00 | JonnyTheMonkey · wall_segment Palisade Wall x1 |
| 12:02 | JonnyTheMonkey · wall_segment Palisade Wall x4 |
| 12:08 | JonnyTheMonkey · first_building Archery Range |
| 12:28 | alesh · first_building Stable |
| 12:31 | noru · wall_segment Palisade Wall x10 |
| 12:31 | DSLG | Genghis Khan!!! · age_up feudal |
| 13:02 | JonnyTheMonkey · wall_segment Palisade Wall x1 |
| 13:28 | DSLG | Genghis Khan!!! · wall_segment Palisade Wall x8 |
| 13:46 | DSLG | Genghis Khan!!! · wall_segment Palisade Wall x1 |
| 13:47 | DSLG | Genghis Khan!!! · wall_segment Palisade Wall x1 |
| 13:47 | JonnyTheMonkey · wall_segment Stone Wall x1 |
| 13:49 | JonnyTheMonkey · wall_segment Stone Wall x1 |
| 13:50 | JonnyTheMonkey · wall_segment Stone Wall x1 |
| 13:50 | DSLG | Genghis Khan!!! · wall_segment Palisade Wall x1 |
| 13:51 | DSLG | Genghis Khan!!! · wall_segment Palisade Wall x1 |
| 13:52 | JonnyTheMonkey · wall_segment Stone Wall x1 |
| 13:54 | BomBomB0 · wall_segment Palisade Wall x2 |
| 13:55 | JonnyTheMonkey · wall_segment Stone Wall x1 |
| 13:56 | JonnyTheMonkey · wall_segment Stone Wall x1 |
| 13:59 | JonnyTheMonkey · wall_segment Stone Wall x1 |
| 14:01 | JonnyTheMonkey · wall_segment Stone Wall x1 |
| 14:03 | alesh · age_up castle |
| 14:27 | noru · wall_segment Palisade Wall x1 |
| 14:54 | JonnyTheMonkey · wall_segment Stone Wall x1 |
| 14:59 | JonnyTheMonkey · wall_segment Stone Wall x14 |
| 15:17 | BomBomB0 · age_up castle |
| 15:24 | Fs.Diablo · age_up castle |
| 15:43 | DSLG | Genghis Khan!!! · first_building Barracks |
| 16:36 | DSLG | Genghis Khan!!! · age_up castle |
| 17:00 | Čiko · wall_segment Stone Wall x3 |
| 17:03 | BomBomB0 · wall_segment Palisade Wall x1 |
| 17:04 | BomBomB0 · wall_segment Palisade Wall x1 |
| 17:10 | BomBomB0 · wall_segment Palisade Wall x1 |
| 18:17 | Čiko · wall_segment Palisade Wall x1 |
| 18:19 | Čiko · wall_segment Palisade Wall x1 |
| 18:20 | Čiko · wall_segment Palisade Wall x1 |
| 18:28 | BomBomB0 · wall_segment Palisade Wall x1 |
| 18:31 | BomBomB0 · wall_segment Palisade Wall x1 |
| 18:35 | JonnyTheMonkey · wall_segment Stone Wall x1 |
| 18:38 | JonnyTheMonkey · wall_segment Stone Wall x3 |
| 18:39 | JonnyTheMonkey · wall_segment Stone Wall x1 |
| 19:01 | noru · first_market_buy 100 food |
| 19:05 | noru · first_market_sell 100 wood |
| 19:21 | Čiko · age_up castle |
| 19:33 | JonnyTheMonkey · wall_segment Stone Wall x1 |
| 19:34 | JonnyTheMonkey · wall_segment Stone Wall x1 |
| 19:34 | JonnyTheMonkey · wall_segment Stone Wall x1 |
| 19:35 | JonnyTheMonkey · wall_segment Stone Wall x1 |
| 19:36 | JonnyTheMonkey · wall_segment Stone Wall x1 |
| 19:37 | JonnyTheMonkey · wall_segment Stone Wall x1 |
| 19:37 | JonnyTheMonkey · wall_segment Stone Wall x1 |
| 19:38 | JonnyTheMonkey · wall_segment Stone Wall x1 |
| 19:40 | JonnyTheMonkey · wall_segment Stone Wall x5 |
| 19:42 | JonnyTheMonkey · wall_segment Stone Wall x1 |
| 19:45 | Čiko · first_market_buy 100 stone |
| 19:48 | Čiko · first_market_sell 100 food |
| 20:34 | JonnyTheMonkey · wall_segment Stone Wall x4 |
| 20:44 | BomBomB0 · wall_segment Palisade Wall x1 |
| 20:49 | BomBomB0 · wall_segment Palisade Wall x1 |
| 21:35 | DSLG | Genghis Khan!!! · wall_segment Palisade Wall x1 |
| 21:36 | DSLG | Genghis Khan!!! · wall_segment Palisade Wall x1 |
| 21:59 | noru · age_up castle |
| 22:16 | Fs.BlinkAoE · age_up castle |
| 23:22 | DSLG | Genghis Khan!!! · first_market_buy 100 food |
| 24:39 | JonnyTheMonkey · age_up castle |
| 24:47 | JonnyTheMonkey · first_market_buy 100 food |
| 26:01 | JonnyTheMonkey · wall_segment Stone Wall x1 |
| 26:02 | JonnyTheMonkey · wall_segment Stone Wall x1 |
| 26:05 | JonnyTheMonkey · first_market_sell 100 wood |
| 26:20 | Čiko · first_building Archery Range |
| 27:41 | Čiko · wall_segment Stone Wall x1 |
| 27:43 | Čiko · wall_segment Stone Wall x1 |
| 27:44 | JonnyTheMonkey · wall_segment Stone Wall x1 |
| 27:48 | JonnyTheMonkey · wall_segment Stone Wall x6 |
| 27:50 | Čiko · wall_segment Stone Wall x1 |
| 27:55 | Čiko · wall_segment Stone Wall x1 |
| 28:30 | Čiko · wall_segment Stone Wall x5 |
| 28:33 | DSLG | Genghis Khan!!! · first_market_sell 100 wood |
| 29:09 | BomBomB0 · first_building Castle |
| 30:03 | Čiko · wall_segment Palisade Wall x2 |
| 30:06 | DSLG | Genghis Khan!!! · first_building Stable |
| 30:26 | Fs.Diablo · wall_segment Palisade Wall x1 |
| 30:30 | BomBomB0 · first_market_sell 100 wood |
| 31:42 | BomBomB0 · first_building Barracks |
| 31:54 | Fs.Diablo · first_market_sell 100 food |
| 31:55 | BomBomB0 · wall_segment Stone Wall x6 |
| 31:55 | Fs.Diablo · first_market_buy 100 stone |
| 31:58 | BomBomB0 · wall_segment Stone Wall x4 |
| 32:00 | BomBomB0 · wall_segment Stone Wall x6 |
| 32:04 | BomBomB0 · wall_segment Stone Wall x6 |
| 32:24 | BomBomB0 · first_building Archery Range |
| 32:41 | alesh · first_market_sell 100 food |
| 32:54 | Fs.Diablo · first_building Monastery |
| 33:57 | BomBomB0 · age_up imperial |
| 34:11 | BomBomB0 · first_market_buy 100 food |
| 35:08 | Čiko · first_building Monastery |
| 36:20 | Fs.BlinkAoE · first_building Castle |
| 37:10 | JonnyTheMonkey · first_building Castle |
| 37:18 | DSLG | Genghis Khan!!! · resign |
[ AI ANALYSIS · 1 CREDIT ]
What really happened in this match?
Wolo.gg analyzes every decision: build order, eco, micro, common mistakes by bracket. Personalized analysis on WhatsApp or Discord in 30 seconds.
Civ guide
Georgians
Perfil
Jugador #16993859